Map: Dasan Station LE

Players

Nickos

  • Race: Terran Terran
  • League: Gold

HSM - Winner!

  • Race: Protoss Protoss
  • League: Gold

VOD

Have the link to the VOD?

Description

Time

  • Played on: Sept. 15, 2016, 8:45 a.m.
  • Length: 8:00
Show
View Real Time Build Order
Export as new Build Order

Nickos Terran 

Build Orders:  

Get SALT Encoding   

  12  0:01  SCV  
  13  0:13  SCV  
  14  0:18  Supply Depot  
  14  0:25  SCV  
  15  0:40  SCV  
  16  0:43  Barracks  
  16  0:45  Refinery  
  16  0:53  SCV  
  17  1:05  SCV  
  18  1:17  SCV  
  19  1:29  SCV  
  20  1:37  Reaper  
  21  1:40  Command Center  
  21  1:43  Supply Depot  
  21  1:56  Orbital Command  
  21  2:07  Barracks  
  21  2:20  Barracks Reactor  
  21  2:31  SCV  
  22  2:43  SCV  
  23  2:50  Factory  
  22  2:53  Bunker  
  22  2:56  SCV  
  22  2:57  Barracks Tech Lab  
  23  3:03  Marine  
  23  3:04  Marine  
  25  3:07  Orbital Command  
  25  3:08  SCV  
  26  3:13  Supply Depot  
  26  3:19  Marine  
  27  3:20  SCV  
  28  3:31  Bunker  
  28  3:32  SCV  
  28  3:33  SCV  
  30  3:36  Marine  
  30  3:39  Factory Reactor  
  31  3:46  SCV x2  
  31  3:47  Marine  
  34  3:55  Marine x2  
  34  3:58  SCV, Stimpack  
  37  4:04  SCV  
  37  4:05  Marine  
  39  4:10  SCV  
  39  4:12  Starport  
  39  4:13  Marine x2  
  39  4:16  SCV  
  43  4:22  Widow Mine, SCV  
  43  4:23  Marine  
  47  4:28  SCV  
  47  4:31  Marine x2  
  48  4:35  Supply Depot  
  48  4:37  Supply Depot  
  49  4:56  Marine x3  
  45  5:06  Widow Mine x2  
  48  5:14  Marine x2  
  48  5:15  Marine  
  49  5:37  Marine  
  49  5:39  Marine  
  49  5:42  Marine  
  41  6:13  Marine  
  41  6:14  Marine x2  
  41  6:26  SCV  
  41  6:29  Widow Mine  
  41  6:30  Widow Mine  
  46  6:36  Marine  
  47  6:41  Marine  
  47  6:42  Marine  
  47  6:55  Marine  
  47  6:57  SCV  
  47  6:59  Marine  
  47  7:20  Marine  
  47  7:21  SCV  
  47  7:27  Marine x2  
  40  7:38  Marine  
Show
View Real Time Build Order
Export as new Build Order

HSM Protoss - Winner!

Build Orders:  

Get SALT Encoding   

  12  0:02  Probe (Chrono Boost)  
  13  0:15  Probe (Chrono Boost)  
  14  0:25  Probe (Chrono Boost), Pylon  
  15  0:46  Probe (Chrono Boost)  
  16  0:50  Gateway  
  16  0:58  Probe (Chrono Boost)  
  16  1:03  Forge  
  17  1:10  Assimilator  
  17  1:11  Probe (Chrono Boost)  
  18  1:15  Assimilator  
  18  1:21  Probe (Chrono Boost)  
  19  1:32  Probe (Chrono Boost)  
  20  1:39  Cybernetics Core  
  20  1:42  Probe (Chrono Boost), Pylon  
  21  1:53  Probe (Chrono Boost)  
  22  2:00  Warp Gate  
  22  2:03  Probe (Chrono Boost), Pylon  
  23  2:22  Mothership Core (Chrono Boost)  
  25  2:29  Robotics Facility  
  22  2:50  Probe (Chrono Boost)  
  23  3:02  Probe (Chrono Boost)  
  23  3:03  Gateway  
  23  3:04  Gateway  
  25  3:14  Probe (Chrono Boost)  
  25  3:16  Immortal  
  29  3:34  Protoss Ground Weapons Level 1  
  29  3:58  Immortal  
  33  4:04  Stalker x2  
  33  4:05  Stalker  
  39  4:12  Pylon  
  37  5:13  Observer  
  38  5:16  Stalker x3  
  44  5:33  Pylon  
  44  5:34  Immortal  
  34  6:04  Stalker x3  
  40  6:15  Immortal  
  43  6:32  Pylon  
  43  6:39  Gateway x2, Stalker x2  
  47  6:40  Stalker  
  47  6:42  Gateway  
  49  6:54  Observer  
  48  7:08  Stalker x3  
  54  7:21  Photon Cannon  
Tags
 
Add a new tag
Caveats
  • Supply blocks, unpowered buildings, or Contaminate may cause inaccurate times.
  • Supply counts are checked every 10 seconds.